Map: Shrines of Lizul

Players

mmm

  • Race: Protoss Protoss
  • Spawn Location: 3:00

PureLegacy

  • Race: Terran Terran
  • Spawn Location: 12:00

IIIIIIIIIIII - Winner!

  • Race: Zerg Zerg
  • Spawn Location: 6:00

Darling - Winner!

  • Race: Zerg Zerg
  • Spawn Location: 9:00

VOD

Have the link to the VOD?

Description

Time

  • Played on: Nov. 22, 2018, 8:04 a.m.
  • Length: 4:37
Show
View Real Time Build Order
Export as new Build Order

mmm Protoss 

Build Orders:  

Get SALT Encoding   

  12  0:53  Probe  
  13  1:01  Probe  
  13  1:04  Pylon  
  14  1:11  Probe  
  14  1:15  Nexus  
  15  1:18  Pylon  
  15  1:22  Probe  
  16  1:30  Probe  
  17  1:41  Forge  
  17  1:54  Probe  
  18  2:04  Probe  
  19  2:12  Probe  
  19  2:15  Photon Cannon  
  19  2:18  Photon Cannon  
  19  2:20  Probe  
  21  2:33  Probe  
  21  2:47  Probe  
  22  2:55  Probe x2  
  23  3:04  Probe  
  24  3:08  Photon Cannon  
  25  3:19  Probe, Gateway  
  25  3:21  Assimilator  
  26  3:27  Probe  
  17  3:49  Photon Cannon  
  17  3:53  Photon Cannon  
  17  3:56  Pylon  
  18  4:02  Probe  
  14  4:15  Probe  
  14  4:28  Cybernetics Core  
  15  4:33  Assimilator  
Show
View Real Time Build Order
Export as new Build Order

PureLegacy Terran 

Build Orders:  

Get SALT Encoding   

  12  0:00  SCV  
  13  0:13  SCV  
  14  0:20  Supply Depot  
  14  0:25  SCV  
  15  0:30  Refinery  
  15  0:42  SCV  
  16  0:47  Barracks  
  16  0:54  SCV  
  17  1:06  Barracks  
  11  1:27  SCV  
  5  1:40  SCV  
  5  3:16  SCV  
  6  3:20  Supply Depot  
  6  3:28  SCV  
  7  3:40  SCV  
  7  3:53  SCV  
Show
View Real Time Build Order
Export as new Build Order

IIIIIIIIIIII Zerg - Winner!

Build Orders: Pool First 

Get SALT Encoding   

  12  0:04  Drone  
  13  0:16  Overlord  
  13  0:23  Drone  
  14  0:35  Drone x2  
  16  0:41  Drone  
  17  0:48  Spawning Pool  
  16  0:53  Drone, Extractor  
  16  1:36  Zergling x6  
  16  1:38  Queen  
  21  1:49  Overlord  
  21  1:55  Metabolic Boost  
  21  2:02  Zergling x2  
  22  2:19  Hatchery  
  21  2:24  Zergling x4  
  23  2:49  Queen  
  24  2:55  Zergling x6  
  24  2:56  Zergling x4  
  29  3:04  Overlord  
  27  3:30  Zergling x8  
  25  4:00  Zergling x2  
  25  4:01  Zergling x10  
Show
View Real Time Build Order
Export as new Build Order

Darling Zerg - Winner!

Build Orders: Hatch First 

Get SALT Encoding   

  12  0:02  Drone  
  13  0:08  Drone  
  14  0:22  Extractor  
  14  0:23  Extractor  
  14  0:24  Drone  
  14  0:25  Drone  
  16  0:28  Overlord  
  16  0:50  Drone x2  
  18  1:10  Drone  
  14  1:28  Drone  
  12  2:00  Drone  
  12  2:01  Drone  
  14  2:22  Drone x2  
  16  2:31  Drone  
  17  2:41  Drone  
  18  2:48  Drone  
  19  3:00  Drone  
  20  3:26  Hatchery  
  19  3:30  Drone  
  20  3:35  Drone  
  21  3:45  Extractor  
  20  3:51  Spawning Pool  
  20  3:55  Drone  
  20  3:58  Drone  
  20  4:00  Drone  
  22  4:13  Overlord  
  22  4:34  Hatchery  
Tags
 
Add a new tag
Caveats
  • Supply blocks, unpowered buildings, or Contaminate may cause inaccurate times.
  • Supply counts are checked every 10 seconds.